Map: Invader LE

Players

BillClinton - Winner!

  • Race: Zerg Zerg
  • League: Silver
  • Spawn Location: 1:00

Fropez

  • Race: Protoss Protoss
  • League: Silver
  • Spawn Location: 11:00

VOD

Have the link to the VOD?

Description

Time

  • Played on: May 26, 2016, 12:21 a.m.
  • Length: 12:54
Show
View Real Time Build Order
Export as new Build Order

BillClinton Zerg - Winner!

Build Orders: 3 Hatch before Pool, Lurkers 

Get SALT Encoding   

  12  0:01  Drone  
  13  0:13  Overlord  
  13  0:18  Drone  
  14  0:31  Drone  
  14  0:32  Drone  
  16  0:39  Drone  
  17  0:49  Overlord  
  17  1:02  Hatchery  
  16  1:07  Drone  
  17  1:15  Drone  
  18  1:19  Drone  
  19  1:33  Hatchery  
  19  1:38  Drone  
  20  1:40  Drone  
  20  1:52  Extractor  
  19  1:56  Spawning Pool  
  19  1:59  Drone  
  19  2:05  Drone  
  20  2:18  Drone x2  
  22  2:25  Drone  
  22  2:29  Drone  
  24  2:41  Drone  
  24  2:43  Drone  
  26  2:46  Drone  
  26  2:49  Zergling x2  
  26  2:50  Zergling x2  
  29  2:54  Zergling x2  
  29  2:56  Zergling x2  
  29  2:58  Zergling x2  
  32  3:08  Zergling x6  
  35  3:19  Zergling x4  
  38  3:20  Zergling x2  
  38  3:30  Zergling x4  
  38  3:31  Zergling x2  
  40  3:38  Overlord  
  40  3:39  Overlord  
  40  3:46  Extractor  
  41  3:49  Extractor, Drone  
  41  3:56  Queen  
  41  3:59  Metabolic Boost  
  41  4:02  Lair  
  41  4:14  Queen  
  43  4:21  Drone x3  
  43  4:22  Zergling x2  
  43  4:23  Zergling x10  
  52  4:31  Extractor  
  52  4:34  Drone  
  52  4:37  Burrow  
  52  4:41  Zergling x4  
  54  4:50  Pneumatized Carapace  
  54  4:58  Evolution Chamber, Drone x2  
  55  5:00  Drone x2  
  55  5:03  Overlord  
  55  5:04  Overlord x2  
  57  6:02  Overlord x2  
  57  6:03  Drone x8  
  65  6:08  Extractor  
  65  6:10  Extractor  
  63  6:22  Drone  
  63  6:24  Drone  
  63  6:25  Queen, Hatchery x2  
  63  6:27  Zerg Melee Weapons Level 1  
  63  6:28  Drone  
  66  6:36  Infestation Pit  
  64  7:00  Zergling x20  
  64  7:01  Zergling x6  
  72  7:37  Zergling x18  
  72  7:40  Drone  
  72  7:41  Drone  
  82  7:49  Drone  
  83  7:51  Drone  
  83  7:52  Drone x3  
  87  8:05  Overseer  
  87  8:06  Overseer x2  
  87  8:18  Drone x2  
  89  8:20  Hive  
  89  8:23  Drone x3  
  92  8:29  Hydralisk Den  
  92  8:31  Evolution Chamber  
  90  8:34  Evolution Chamber  
  89  8:42  Drone x3  
  89  8:43  Drone x5  
  89  8:44  Drone x2  
  89  8:47  Extractor  
  98  8:49  Extractor  
  97  9:03  Zergling x8  
  97  9:05  Overlord  
  97  9:06  Overlord x6  
  97  9:08  Hatchery  
  98  9:43  Drone  
  98  9:44  Drone x2  
  98  9:45  Drone  
  102  9:46  Drone x2  
  102  9:48  Zergling x24  
  116  9:54  Zerg Melee Weapons Level 2  
  116  9:56  Zerg Ground Armor Level 1, Zerg Missile Weapons Level 1  
  116  9:57  Lurker Den  
  116  9:59  Hydralisk x3  
  122  10:50  Hydralisk x3  
  122  10:51  Hydralisk x18  
  164  11:01  Overlord x2  
  144  11:39  Hydralisk  
  141  11:40  Hydralisk x20  
  176  12:01  Overseer  
  176  12:02  Overseer x4  
  176  12:03  Overlord  
  176  12:04  Overlord x4  
  176  12:06  Extractor  
  176  12:07  Extractor  
  174  12:13  Lurker x6  
  180  12:17  Overlord  
  180  12:18  Overlord x2  
  180  12:21  Lurker x2  
  180  12:22  Lurker x3  
  185  12:36  Overseer  
  159  12:37  Overseer  
Show
View Real Time Build Order
Export as new Build Order

Fropez Protoss 

Build Orders:  

Get SALT Encoding   

  12  0:01  Probe (Chrono Boost)  
  13  0:18  Pylon  
  13  0:20  Probe (Chrono Boost)  
  14  0:30  Probe (Chrono Boost)  
  15  0:40  Gateway  
  15  0:41  Probe (Chrono Boost)  
  16  0:50  Pylon  
  16  0:52  Probe (Chrono Boost)  
  17  1:02  Probe (Chrono Boost)  
  18  1:10  Assimilator  
  18  1:13  Probe (Chrono Boost)  
  19  1:27  Cybernetics Core  
  19  1:29  Probe (Chrono Boost)  
  19  1:32  Assimilator  
  20  1:39  Probe (Chrono Boost)  
  21  1:49  Gateway  
  21  1:50  Probe (Chrono Boost)  
  22  2:00  Probe (Chrono Boost)  
  23  2:02  Pylon  
  23  2:10  Adept  
  23  2:11  Probe (Chrono Boost)  
  26  2:16  Warp Gate (Chrono Boost)  
  26  2:22  Mothership Core (Chrono Boost)  
  28  2:34  Pylon  
  28  2:40  Probe (Chrono Boost)  
  29  2:45  Adept  
  29  2:46  Adept, Pylon  
  29  2:51  Probe  
  34  3:03  Probe  
  35  3:12  Adept  
  37  3:13  Adept  
  39  3:29  Pylon, Gateway  
  39  3:32  Forge  
  37  4:12  Probe  
  37  4:13  Protoss Ground Weapons Level 1 (Chrono Boost)  
  38  4:22  Nexus  
  38  4:26  Pylon  
  38  4:30  Probe  
  39  4:32  Photon Cannon  
  39  4:33  Photon Cannon  
  39  4:34  Pylon  
  39  4:42  Probe  
  40  4:51  Adept x2  
  44  4:53  Adept  
  44  4:54  Probe  
  45  5:13  Adept x2  
  49  5:14  Adept  
  49  5:15  Probe  
  52  5:27  Probe  
  53  5:31  Pylon  
  53  5:32  Pylon  
  53  5:36  Stalker  
  53  5:39  Probe  
  56  5:43  Probe  
  57  5:51  Probe  
  57  5:53  Probe  
  59  6:03  Probe  
  60  6:04  Probe  
  60  6:06  Protoss Ground Armor Level 1 (Chrono Boost)  
  60  6:09  Twilight Council  
  61  6:15  Probe, Assimilator  
  61  6:16  Probe  
  61  6:17  Assimilator  
  63  6:22  Robotics Facility  
  63  6:27  Robotics Facility  
  63  6:28  Probe  
  64  6:45  Probe  
  64  6:46  Probe  
  66  6:55  Sentry x2  
  66  6:56  Sentry  
  68  7:37  Probe, Immortal x2  
  76  7:38  Probe  
  78  7:48  Gateway  
  78  7:52  Gateway x2  
  78  8:09  Probe  
  78  8:10  Probe  
  80  8:22  Adept x3  
  90  8:27  Immortal x2  
  90  8:28  Nexus  
  90  8:31  Assimilator  
  90  8:32  Pylon  
  90  8:33  Assimilator  
  94  8:36  Pylon, Gateway  
  94  8:38  Pylon, Dark Shrine  
  94  8:40  Pylon  
  94  8:46  Protoss Ground Weapons Level 2 (Chrono Boost)  
  94  8:47  Charge  
  94  8:49  Probe  
  94  8:50  Probe  
  94  8:54  Photon Cannon  
  96  8:57  Photon Cannon  
  96  8:59  Probe  
  96  9:00  Photon Cannon  
  98  9:02  Probe  
  98  9:03  Pylon  
  97  9:11  Zealot x2  
  97  9:15  Probe  
  98  9:31  Immortal  
  102  9:34  Probe  
  102  9:35  Probe  
  102  9:38  Pylon  
  108  9:45  Warp Prism  
  108  9:47  Probe  
  108  9:48  Probe  
  108  9:53  Gateway  
  108  9:56  Pylon  
  108  9:57  Probe  
  108  10:00  Probe  
  109  10:16  Probe  
  109  10:17  Probe  
  109  10:20  Immortal  
  115  10:27  Probe  
  116  10:47  Pylon  
  116  10:48  Pylon  
  116  11:05  Immortal  
  120  11:18  Dark Templar x2  
  120  11:19  Dark Templar x4  
  110  11:48  Immortal  
  110  11:49  Immortal  
  118  11:56  Dark Templar x2  
  118  11:57  Dark Templar x4  
  130  12:34  Pylon  
  130  12:35  Pylon  
  104  12:47  Nexus  
  104  12:49  Assimilator  
  78  12:51  Assimilator  
Tags
 
Composition
Lurkers
Matchup
PvZ
Replay Pack
All Mines
Spawn Locations
Close Positions
Add a new tag
Caveats
  • Supply blocks, unpowered buildings, or Contaminate may cause inaccurate times.
  • Supply counts are checked every 10 seconds.